 Dungeon Crawl Stone Soup version 0.17-a0-1632-g0af21bd (console) character file.

7187 Monkaria the Unseen (level 10, -1/43 HPs)
             Began as a Felid Berserker on Aug 2, 2015.
             Was an Elder of Trog.
             Slain by an orc
             ... wielding a +2 mace of distortion
              (14 damage)
             ... on level 10 of the Dungeon.
             The game lasted 00:23:41 (16210 turns).

Monkaria the Unseen (Felid Berserker)              Turns: 16210, Time: 00:23:41

Health: -1/43      AC:  2    Str: 16    XL:     10   Next: 87%
Magic:  11/11      EV: 27    Int:  6    God:    Trog [****..]
Gold:   663        SH:  0    Dex: 15    Spells: 0 memorised, 9 levels left
                                        Lives:  0   Deaths: 3

rFire  + . .     SeeInvis +       - Unarmed
rCold  + . .     Clarity  .     (armour unavailable)
rNeg   . . .     SustAt   .     (shield unavailable)
rPois  .         Gourm    .     (helmet unavailable)
rElec  .         Spirit   .     (cloak unavailable)
rCorr  +         Warding  .     (gloves unavailable)
rMut   .         Stasis   .     (boots unavailable)
MR     +....                    D - amulet of resist corrosion
Stlth  +++++++++.               H - ring of protection from fire
                                l - ring of stealth

@: quick, somewhat resistant to hostile enchantments, incredibly stealthy
A: no armour, no weapons or thrown items, claws 1, fangs 3, see invisible,
carnivore 3, clumsy 1, cold resistance 1, dopey 1, speed 1, frail 1, shaggy fur
2, slow metabolism 1, sharp paws
a: Burn Spellbooks, Berserk, Trog's Hand, Brothers in Arms, Renounce Religion


You were on level 10 of the Dungeon.
You worshipped Trog.
Trog was greatly pleased with you.
You were completely stuffed.

You visited 2 branches of the dungeon, and saw 11 of its levels.

You collected 663 gold pieces.

Inventory:

Rods
 G - a cursed -3 rod of shadows (12/12)
   (You found it on level 7 of the Dungeon)
Jewellery
 l - a ring of stealth (left paw)
 D - an amulet of resist corrosion (around neck)
 H - a ring of protection from fire (right paw)
 M - an uncursed ring of flight {unknown}
Magical devices
 i - a wand of slowing (22)
 x - a wand of fire (10)
 y - a wand of random effects (6)
 A - a wand of fireball (1)
 C - a wand of frost (0)
 E - a wand of confusion (15)
Scrolls
 e - 4 scrolls of blinking {unknown}
 h - 7 scrolls of teleportation
 k - 7 scrolls of remove curse {unknown}
 q - a scroll of enchant armour {unknown}
 w - a scroll of fog {unknown}
 z - 2 scrolls of fear {unknown}
 B - a scroll of immolation {unknown}
 J - a scroll of enchant weapon {unknown}
 K - a scroll of acquirement {unknown}
Potions
 b - 4 potions of curing
 c - 4 potions of haste
 f - 3 potions of invisibility
 g - 2 potions of might
 j - 3 potions of magic
 m - 3 potions of poison {unknown}
 o - a potion of agility {unknown}
 p - 3 potions of heal wounds
 r - 2 potions of cancellation
 s - 2 potions of mutation
 t - 3 potions of lignification
 u - 2 potions of berserk rage
 v - a potion of flight
 F - 2 potions of brilliance {unknown}
Books
 L - a book of Changes

   Spells                             Type                      Level
   a - Beastly Appendage              Transmutation                1
   b - Sticks to Snakes               Transmutation                2
   c - Spider Form                    Transmutation/Poison         3
   d - Ice Form                       Ice/Transmutation            4
   e - Blade Hands                    Transmutation                5
   Trog disapproves of the use of such an item.
Comestibles
 a - 5 meat rations
 d - 3 beef jerkies
 n - a slice of pizza
 I - 3 chunks of flesh


   Skills:
 - Level 8.0 Fighting
 + Level 13.4 Dodging
 - Level 16.2 Stealth
 - Level 8.0 Unarmed Combat


You had 9 spell levels left.
You didn't know any spells.

Dungeon Overview and Level Annotations

Branches:
Dungeon (10/15)            Temple (1/1) D:7            Lair (0/8) D:10
    Orc (0/4) D:10

Altars:
Ashenzari
Cheibriados
Dithmenos
Elyvilon
Fedhas
Gozag
Kikubaaqudgha
Makhleb
Nemelex Xobeh
Okawaru
Qazlal
Ru
Sif Muna
Trog
Vehumet
Xom
Yredelemnul
Zin
The Shining One

Shops:
D:8 [   D:10 }

Portals:
Trove: D:10 (give wand of hasting (9))


Innate Abilities, Weirdness & Mutations

You cannot wear armour.
You are incapable of wielding weapons or throwing items.
You have sharp claws.
You have razor-sharp teeth.
You have supernaturally acute eyesight.
You are carnivorous and can eat meat at any time.
You cover ground quickly.
You are covered in thick fur (AC +2).
You have a slow metabolism.
Your sharp claws are effective at attacking unaware monsters.
You are clumsy. (Dex -2)
Your flesh is cold resistant.
You are dopey. (Int -2)
You are frail (-10% HP).


Message History

The orc barely misses you. The orc completely misses you.
You claw the yak! Your claw misses the yak.
The yak is almost dead.
The orc completely misses you. The yak gores you!
The orc completely misses you.
You claw the yak!
You kill the yak!
Trog accepts your kill. The orc closely misses you. The orc misses you.
The orc closely misses you.
Unknown command.
Unknown command.
You claw the orc!
You kill the orc!
Trog accepts your kill. The orc completely misses you.
You scratch the orc.
The orc is heavily wounded.
The orc hits you with a mace of distortion.
Space warps horribly around you!
You die...

#..................
#..................
#.................)
################### #
##8###8###8###.##### §§§
#...#...#...#...#...
§≈..#...................
≈>..'..o................
#.o@...........[)###
#.†.#...#...#)..#...
##.###8###8###8##...
################...
#..........# ####
#..........#
#..........########
#..................
#..................


You could see 2 orcs.

Vanquished Creatures
  Josephine (D:10)
  Pikel (D:7)
  2 hill giants (D:10)
  An ugly thing (D:10)
  A centaur zombie (D:10)
  Joseph (D:7)
  A two-headed ogre (D:8)
  A vampire (D:10)
  3 wyverns
  A hippogriff (D:8)
  A steam dragon (D:10)
  Eustachio (D:6)
  4 humans (D:10)
  5 wraiths (D:10)
  7 yaks
  Grum (D:8)
  Menkaure (D:6)
  4 wolves (D:8)
  A water moccasin (D:6)
  6 orc warriors
  Duvessa (D:7)
  An ice beast (D:7)
  A necrophage (D:8)
  4 centaurs
  4 phantoms
  5 ogres
  4 sky beasts
  The ghost of Gargoyl the Skirmisher, an average GrBe of Trog (D:4)
  11 giant frogs
  Blork the orc (D:6)
  A gnoll sergeant (D:6)
  Dowan (D:7)
  2 scorpions
  A wyvern skeleton (D:8)
  A water moccasin skeleton (D:8)
  3 wights (D:7)
  3 crimson imps
  3 giant frog zombies
  A quasit (D:7)
  2 hounds
  2 jellies
  8 orc priests
  Crazy Yiuf (D:3)
  A centaur skeleton (D:7)
  A gnoll shaman (D:6)
  7 iguanas
  20 orc wizards
  3 giant frog skeletons
  7 worker ants
  A killer bee zombie (D:9)
  3 hound skeletons
  A worker ant zombie (D:5)
  40 gnolls
  5 shadow imps
  7 adders
  2 adder skeletons
  2 worms
  9 giant geckos
  46 orcs
  9 bats
  4 giant cockroaches
  8 goblins
  10 hobgoblins
  28 jackals
  12 kobolds
  4 quokkas
  A ball python (D:4)
  A giant gecko skeleton (D:5)
  8 giant newts
  A jackal skeleton (D:4)
  5 rats
352 creatures vanquished.

Vanquished Creatures (others)
  2 jackals (D:6)
2 creatures vanquished.

Grand Total: 354 creatures vanquished

Notes
Turn   | Place    | Note
--------------------------------------------------------------
     0 | D:1      | Monkaria the Felid Berserker began the quest for the Orb.
     0 | D:1      | Reached XP level 1. HP: 10/10 MP: 2/2
   283 | D:1      | Reached XP level 2. HP: 14/14 MP: 3/3
   301 | D:1      | Reached skill level 5 in Dodging
   539 | D:1      | Acquired Trog's second power
   823 | D:1      | Reached XP level 3. HP: 15/17 MP: 4/4
   980 | D:2      | Reached skill level 6 in Dodging
  1120 | D:2      | Reached XP level 4. HP: 9/21 MP: 5/5
  2056 | D:2      | Reached skill level 7 in Dodging
  2356 | D:3      | Reached skill level 1 in Stealth
  2400 | D:3      | Noticed a giant frog
  2410 | D:3      | Killed a giant frog
  2410 | D:3      | Reached XP level 5. HP: 12/24 MP: 6/6
  2574 | D:3      | Reached skill level 5 in Stealth
  2668 | D:3      | Gained mutation: You are covered in thick fur (AC +2). [Felid growth]
  2668 | D:3      | Reached XP level 6. HP: 28/28 MP: 7/7
  3206 | D:3      | Noticed Crazy Yiuf
  3215 | D:3      | Killed Crazy Yiuf
  3608 | D:4      | Noticed Gargoyl's ghost (average GrBe)
  3642 | D:4      | Killed Gargoyl's ghost
  3642 | D:4      | Reached skill level 8 in Stealth
  4076 | D:4      | Reached XP level 7. HP: 31/31 MP: 8/8
  4229 | D:4      | Reached skill level 9 in Stealth
  4677 | D:4      | Reached skill level 10 in Stealth
  5013 | D:4      | HP: 2/46 [scorpion (7)]
  5018 | D:4      | HP: 1/31 [poisoned by a scorpion]
  5019 | D:4      | Succumbed to a scorpion's poison
  5020 | D:4      | Reached XP level 6. HP: 0/28 MP: 7/7
  5900 | D:5      | Entered Level 5 of the Dungeon
  5904 | D:5      | Reached skill level 11 in Stealth
  5904 | D:5      | Reached XP level 7. HP: 27/31 MP: 8/8
  6304 | D:5      | Acquired Trog's third power
  6304 | D:5      | Reached skill level 12 in Stealth
  6326 | D:5      | Gained mutation: Your magical capacity is low (-10% MP). [mutagenic meat]
  6327 | D:5      | Gained mutation: You can spit weak poison. [mutagenic meat]
  6328 | D:5      | Gained mutation: Your flesh is cold resistant. [mutagenic meat]
  6329 | D:5      | Gained mutation: You are dopey. (Int -2) [mutagenic meat]
  6330 | D:5      | Lost mutation: Your magical capacity is low (-10% MP). [mutagenic meat]
  6632 | D:5      | Found a sparkling altar of Nemelex Xobeh.
  6640 | D:5      | Found a blossoming altar of Fedhas.
  6645 | D:5      | Found a sacrificial altar of Ru.
  7587 | D:6      | Reached XP level 8. HP: 23/34 MP: 9/9
  7610 | D:6      | Reached skill level 13 in Stealth
  7940 | D:6      | Found a burning altar of Makhleb.
  7941 | D:6      | Found a radiant altar of Vehumet.
  8124 | D:6      | Gained mutation: You are clumsy. (Dex -2) [mutagenic meat]
  8188 | D:6      | Noticed Blork the orc
  8202 | D:6      | Killed Blork the orc
  8202 | D:6      | Reached skill level 5 in Fighting
  8331 | D:6      | Noticed Eustachio
  8455 | D:6      | Killed Eustachio
  8951 | D:6      | Reached XP level 9. HP: 43/43 MP: 10/10
  8962 | D:6      | HP: 2/43 [gnoll/spear (5)]
  8962 | D:6      | Mangled by a gnoll
  8963 | D:6      | Reached XP level 8. HP: -6/40 MP: 9/9
  9489 | D:6      | Noticed Menkaure
  9493 | D:6      | Killed Menkaure
 10333 | D:6      | Found a burning altar of Makhleb.
 10334 | D:6      | Found a radiant altar of Vehumet.
 10835 | D:7      | Noticed Duvessa
 10841 | D:7      | Noticed Dowan
 10864 | D:7      | Killed Duvessa
 10864 | D:7      | Reached skill level 5 in Unarmed Combat
 10870 | D:7      | Killed Dowan
 10992 | D:7      | Found a basalt altar of Yredelemnul.
 11035 | D:7      | Noticed Joseph
 11191 | D:7      | Noticed Pikel
 11226 | D:7      | Killed Pikel
 11226 | D:7      | Reached XP level 9. HP: 44/44 MP: 10/10
 11398 | D:7      | Killed Joseph
 11626 | D:7      | Found a staircase to the Ecumenical Temple.
 11664 | Temple   | Entered the Ecumenical Temple
 11886 | D:7      | Gained mutation: You are frail (-10% HP). [mutagenic meat]
 11887 | D:7      | Lost mutation: You can spit weak poison. [mutagenic meat]
 11888 | D:7      | Gained mutation: You are partially covered in molten scales (AC +1). [mutagenic meat]
 12170 | D:8      | Noticed Grum
 12222 | D:8      | Killed Grum
 12222 | D:8      | Reached XP level 10. HP: 39/43 MP: 11/11
 12405 | D:8      | Found Non Ysaw's Armour Shoppe.
 12414 | D:8      | Reached skill level 10 in Dodging
 12770 | D:8      | HP: 2/42 [orc/mace (11)]
 13016 | D:8      | Found a bloodstained altar of Trog.
 14482 | D:10     | Entered Level 10 of the Dungeon
 14530 | D:10     | Found a basalt altar of Yredelemnul.
 14533 | D:10     | Found a staircase to the Lair.
 14587 | D:10     | HP: 2/63 [vampire (8)]
 14779 | D:10     | Noticed a hill giant
 14786 | D:10     | Killed a hill giant
 14787 | D:10     | Noticed a hill giant
 14787 | D:10     | Noticed a green ugly thing
 14792 | D:10     | Killed a hill giant
 14792 | D:10     | Reached XP level 11. HP: 44/44 MP: 12/12
 14796 | D:10     | Killed a green ugly thing
 14796 | D:10     | Reached skill level 14 in Stealth
 14820 | D:10     | Gained mutation: You tend to lose your temper in combat. [mutagenic meat]
 14821 | D:10     | Lost mutation: You tend to lose your temper in combat. [mutagenic meat]
 14822 | D:10     | Lost mutation: You are partially covered in molten scales (AC +1). [mutagenic meat]
 14987 | D:10     | Noticed Josephine
 15235 | D:10     | Found Sibogg's Gadget Emporium.
 15262 | D:10     | Slain by a yak
 15263 | D:10     | Reached XP level 10. HP: -3/42 MP: 11/11
 15303 | D:10     | Reached skill level 15 in Stealth
 15653 | D:10     | Killed Josephine
 15653 | D:10     | Reached skill level 16 in Stealth
 15739 | D:10     | Found a portal to a secret trove of treasure.
 16196 | D:10     | Found a staircase to the Orcish Mines.
 16210 | D:10     | Slain by an orc

Vault maps used:
D:1:      lemuel_arrival_behind_the_door_large
D:2:      kennysheep_big_flooded_room
D:3:      supply_closet_lemuel, grunt_decor_clamped, st_stairs_13,
          uniq_crazy_yiuf_cottage
D:4:      first_bread
D:5:      minmay_overflow_temple_star_quad, kennysheep_cluttered_room
D:6:      lemuel_castle_with_subvaults,
          grunt_temple_overflow_lords_of_destruction, lemuel_flame_loot_1,
          uniq_menkaure, uniq_blork_the_orc, uniq_eustachio
D:7:      nicolae_overflow_crystal_walls, minmay_temple_entry_poolview,
          uniq_duvessa, uniq_joseph, uniq_pikel
D:8:      bloody_trog, serial_shops, nicolae_shop_waterfront, uniq_grum
D:10:     minmay_ornate_pinched, david_orc_4, nicolae_trove_entry_free_sample,
          basic_altar, serial_shops, shop, minmay_ruffians, uniq_josephine
Temple:   circular_temple_pool_12

Action                   |  1- 3 |  4- 6 |  7- 9 | 10-12 || total
-------------------------+-------+-------+-------+-------++-------
Melee: Unarmed           |   102 |   220 |   613 |   365 ||  1300
Invok: Berserk           |     2 |     5 |    21 |     8 ||    36
       Trog's Hand       |     1 |     2 |    22 |    10 ||    35
Evoke: Wand              |       |       |     9 |     3 ||    12
  Use: Potion            |       |       |     2 |       ||     2
       Scroll            |       |       |    11 |       ||    11
 Stab: Sleeping          |     2 |     9 |    21 |    24 ||    56
       Distracted        |       |     1 |     1 |     3 ||     5
  Eat: Chunk             |     8 |    14 |    53 |    32 ||   107
